 Dungeon Crawl Stone Soup version 0.20.1-1-g8b1a95d (webtiles) character file.

6395 mmigdal the Spear-Bearer (level 10, -8/77 HPs)
             Began as a Demonspawn Abyssal Knight on Oct 28, 2017.
             Was an Elder of Lugonu.
             Mangled by a wight
             ... wielding a +6 halberd
              (16 damage)
             ... on level 9 of the Dungeon.
             The game lasted 01:49:09 (12081 turns).

mmigdal the Spear-Bearer (DsAK)                    Turns: 12081, Time: 01:49:12

Health: -8/77      AC:  0    Str: 19      XL:     10   Next: 66%
Magic:  15/16      EV: 11    Int: 14      God:    Lugonu [****..]
Gold:   341        SH:  4    Dex: 12 (13) Spells: 6/9 levels left

rFire    + . .     SeeInvis +   a - +7 spear
rCold    . . .     Gourm    .   o - +0 buckler
rNeg     . . .     Faith    .   I - +3 ring mail {rC+}
rPois    .         Spirit   .   (helmet restricted)
rElec    .         Reflect  .   (no cloak)
rCorr    .         Harm     .   r - +0 pair of gloves
MR       +....                  f - +2 pair of boots
Stlth    +.........             v - amulet of rage
Regen    0.7/turn               k - +4 ring of strength
MPRegen  0.2/turn               d - ring of fire

@: corroded, drained
A: antennae 1, thin metallic scales 1, see invisible, deterioration 1, foul
stench 1, high mp 1, magic resistance 1, powered by death 1, regeneration 1,
wild magic 1, rot immunity
a: Depart the Abyss, Bend Space, Banish, Corrupt, Renounce Religion, Evoke
Berserk Rage


You were on level 9 of the Dungeon.
You worshipped Lugonu.
Lugonu was greatly pleased with you.
You were not hungry.

You visited 2 branches of the dungeon, and saw 12 of its levels.
You visited the Abyss 1 time.
You also visited: Ossuary.

You collected 341 gold pieces.

Inventory:

Hand Weapons
 a - a +7 spear (weapon)
 b - a +0 shortbow
 q - a +0 hunting sling
 C - a +4 quarterstaff of chaos
 H - a +0 spear
 K - a +0 halberd
 M - a +0 trident
Missiles
 g - 144 arrows
 h - 241 stones (quivered)
 j - 68 bolts
Armour
 f - a +2 pair of boots (worn)
 o - a +0 buckler (worn)
 r - a +0 pair of gloves (worn)
 I - a +3 ring mail of cold resistance (worn)
Jewellery
 d - a ring of fire (right hand)
 e - an uncursed amulet of harm
 k - a +4 ring of strength (left hand)
 v - an amulet of rage (around neck)
Wands
 w - a wand of random effects (1/48)
 D - a wand of paralysis (4/24)
 G - a wand of flame (16/48)
 J - a wand of paralysis (18/24)
Scrolls
 l - a scroll of identify
 m - a scroll of fog
 n - 9 scrolls of remove curse
 s - a scroll of random uselessness
 t - 2 scrolls of blinking
 u - a scroll of amnesia
 x - 3 scrolls of teleportation
 E - a scroll of vulnerability
Potions
 p - a potion of might
 z - a potion of invisibility
 A - 2 potions of cancellation
 B - a potion of flight
Books
 y - a book of Misfortune

   Spells                             Type                      Level
   a - Confusing Touch                Hexes                        1
   b - Confuse                        Hexes                        3
   c - Gell's Gravitas                Translocation                3
   d - Petrify                        Transmutation/Earth          4
   e - Metabolic Englaciation         Hexes/Ice                    5
   f - Yara's Violent Unravelling     Hexes/Transmutation          5
 L - a book of Cantrips

   Spells                             Type                      Level
   a - Confusing Touch                Hexes                        1
   b - Animate Skeleton               Necromancy                   1
   c - Summon Small Mammal            Summoning                    1
   d - Apportation                    Translocation                1
Comestibles
 c - a bread ration
 i - 8 chunks of flesh
 F - a meat ration


   Skills:
 + Level 6.6(5.9) Fighting
 + Level 8.6(7.9) Polearms
 + Level 5.2(4.7) Slings
 + Level 1.7(3.1) Throwing
 + Level 6.3(5.7) Armour
 + Level 3.5(2.9) Dodging
 + Level 1.1(0.5) Stealth
 + Level 3.0(2.4) Shields
 + Level 0.3(0.0) Spellcasting
 + Level 0.2(0.0) Summonings
 + Level 7.2(6.5) Invocations
 + Level 1.6(1.0) Evocations


You had 6 spell levels left.
You knew the following spells:

 Your Spells              Type           Power        Failure   Level  Hunger
a - Summon Small Mammal   Summ           #...         58%         1    ##.....
b - Apportation           Tloc           #.....       58%         1    ##.....
c - Confusing Touch       Hex            #.....       58%         1    ##.....


Dungeon Overview and Level Annotations

Branches:
Dungeon (11/15)            Temple (1/1) D:5
   Lair: D:8-11         Orc: D:9-12

Altars:
Ashenzari
Cheibriados
Dithmenos
Elyvilon
Fedhas
Gozag
Hepliaklqana
Kikubaaqudgha
Makhleb
Nemelex Xobeh
Okawaru
Qazlal
Ru
Sif Muna
Trog
Uskayaw
Vehumet
Xom
Yredelemnul
Zin
The Shining One

Shops:
D:7 :   D:10 %

Annotations:
D:8 corrupted
D:9 Darkyelf's ghost, journeyman FoAK


Innate Abilities, Weirdness & Mutations

You are partially covered in thin metallic scales. (AC +2)
You may emit foul miasma when damaged in melee.
You regenerate a little health from kills.
You are immune to rotting.
You have a pair of small antennae on your head.
You have supernaturally acute eyesight. (SInv)
Your body sometimes deteriorates upon taking damage.
You have an increased reservoir of magic. (+10% MP)
You are resistant to hostile enchantments. (MR+)
Your natural rate of healing is unusually fast.
Your spells are a little harder to cast, but a little more powerful.


Message History

Space bends around you!
You blink.
The troll closely misses you. The troll claws you.
* * * LOW HITPOINT WARNING * * *
The troll barely misses you. Space bends sharply around you!
You blink.
There is a stone staircase leading up here.
You block the troll's attack. The troll closely misses you.
The troll misses you.
You climb upwards.
Level annotation: Darkyelf's ghost, journeyman FoAK The wight hits you but does no damage.
There is a stone staircase leading down, spattered with blood here.
You see here an arrow.
Darkyelf's ghost closely misses you. The troll bites you!
* * * LOW HITPOINT WARNING * * *
The troll claws you.
* * * LOW HITPOINT WARNING * * *
The troll closely misses you. The wight barely misses you.
The wight hits you from afar with an enchanted halberd!
You die...

##.#.#.#.# #.#.#
...#.#.#!###.#.#
#....W.W##....#
###..#z#.......#####
......z#.##........###
.##....#.###.#..>..... #
#.#...............##...
..##...........Wz.(.....
.# #####)###.#..@..##. .
#.# #.##T####
#.†..#.z...
#####.#c....# # #.......
#.....### ##...## ....#


You could see a troll, a centaur, 2 wights and Darkyelf's ghost.

Vanquished Creatures
  An ugly thing (D:8)
  A troll (D:6)
  A hippogriff (D:9)
  A vampire (D:10)
  Menkaure (D:8)
  A water moccasin (D:6)
  Duvessa (D:7)
  A black bear (D:7)
  3 orc warriors
  An ice beast (D:5)
  2 phantoms
  2 sky beasts
  9 ogres
  2 necrophages
  4 centaurs
  2 elf zombies (Ossuary)
  5 bullfrogs
  Dowan (D:7)
  2 water moccasin skeletons
  8 wights
  2 crimson imps
  4 centaur zombies
  2 jellies
  A quasit (D:8)
  4 hounds
  A human zombie (Ossuary)
  Crazy Yiuf (D:5)
  A bullfrog zombie (D:7)
  An orc priest (D:6)
  3 centaur skeletons
  2 bullfrog skeletons
  3 iguanas
  9 orc wizards
  6 worker ants
  A big kobold zombie (Ossuary)
  A hound zombie (D:8)
  2 mummies (Ossuary)
  3 gnolls (D:8)
  10 adders
  3 river rats (D:6)
  A shadow imp (D:6)
  3 oozes
  3 adder skeletons
  An adder zombie (D:6)
  3 dart slugs
  3 leopard geckos
  29 orcs
  8 giant cockroaches
  6 goblins
  5 hobgoblins
  18 jackals
  4 kobolds
  3 quokkas
  4 ball pythons
  2 ball python skeletons
  7 bats
  10 frilled lizards
  2 goblin zombies
  10 hobgoblin zombies (Ossuary)
  A jackal zombie (Ossuary)
  7 kobold zombies (Ossuary)
  10 orc zombies (Ossuary)
  A quokka skeleton (D:8)
  2 quokka zombies (D:5)
  4 rats
256 creatures vanquished.

Vanquished Creatures (others)
  The ghost of letownia2 the Reanimator, a novice DDNe (D:7)
  A big kobold (D:7)
  A bullfrog (D:8)
  An adder zombie (D:8)
  2 orcs (D:8)
  A kobold (D:7)
7 creatures vanquished.

Grand Total: 263 creatures vanquished

Notes
Turn   | Place    | Note
-------+----------+-------------------------------------------
     0 | Abyss:1  | mmigdal the Demonspawn Abyssal Knight began the quest for the Orb.
     0 | Abyss:1  | Reached XP level 1. HP: 18/18 MP: 2/2
    36 | Abyss:1  | Noticed a fire dragon skeleton
    38 | D:1      | Escaped the Abyss
   298 | D:1      | Reached skill level 2 in Polearms
   310 | D:1      | Gained mutation: You are immune to rotting. [demonic ancestry]
   310 | D:1      | Reached XP level 2. HP: 22/24 MP: 3/3
  1294 | D:2      | Gained mutation: You may emit foul miasma when damaged in melee. [demonic ancestry]
  1294 | D:2      | Reached XP level 3. HP: 18/29 MP: 4/4
  1602 | D:2      | Reached * piety under Lugonu
  1996 | D:2      | Reached skill level 1 in Dodging
  2034 | D:2      | Reached skill level 1 in Throwing
  2034 | D:2      | Reached XP level 4. HP: 26/37 MP: 5/5
  2646 | D:3      | Gained mutation: You are frail. (-10% HP) [potion of mutation]
  2646 | D:3      | Gained mutation: Your mind is acute. (Int +2) [potion of mutation]
  3678 | D:4      | Reached skill level 3 in Polearms
  3678 | D:4      | Gained mutation: You regenerate a little health from kills. [demonic ancestry]
  3678 | D:4      | Reached XP level 5. HP: 37/37 MP: 6/6
  4036 | D:4      | Reached skill level 1 in Slings
  4058 | D:4      | Noticed a phantom
  4127 | D:4      | Killed a phantom
  4127 | D:4      | Gained mutation: You are partially covered in thin metallic scales. (AC +2) [demonic ancestry]
  4127 | D:4      | Reached XP level 6. HP: 28/43 MP: 7/7
  4135 | D:4      | Reached ** piety under Lugonu
  4718 | D:5      | Entered Level 5 of the Dungeon
  4805 | D:5      | Found an opulent altar of Gozag.
  5049 | D:5      | Reached XP level 7. HP: 33/48 MP: 9/9
  5079 | D:5      | Reached skill level 4 in Polearms
  5207 | D:5      | Reached skill level 1 in Shields
  5366 | D:5      | Found a sand-covered staircase.
  5383 | Ossuary  | Entered an ossuary
  5519 | Ossuary  | Reached skill level 5 in Polearms
  5519 | Ossuary  | Reached XP level 8. HP: 50/54 MP: 10/10
  5562 | Ossuary  | Reached *** piety under Lugonu
  5872 | D:5      | Found a staircase to the Ecumenical Temple.
  5890 | Temple   | Entered the Ecumenical Temple
  6397 | D:5      | Reached skill level 5 in Fighting
  6580 | D:5      | Reached skill level 6 in Polearms
  6650 | D:5      | Found a runed door.
  6654 | D:5      | Noticed Crazy Yiuf
  6681 | D:5      | Killed Crazy Yiuf
  7168 | D:6      | Reached XP level 9. HP: 61/61 MP: 11/11
  7345 | D:6      | Noticed a troll
  7475 | D:6      | Reached **** piety under Lugonu
  7502 | D:6      | Killed a troll
  7903 | D:6      | Reached skill level 5 in Armour
  8205 | D:7      | Found Ratan's Book Shop.
  8351 | D:7      | Reached skill level 5 in Invocations
  8434 | D:7      | Reached skill level 7 in Polearms
  8667 | D:7      | Noticed letownia2's ghost (novice DDNe)
  8672 | D:7      | Banished letownia2's ghost
  8672 | D:7      | Reached skill level 1 in Evocations
  8830 | D:7      | Noticed Menkaure
  8843 | D:7      | Noticed Duvessa
  8843 | D:7      | Noticed Dowan
  9089 | D:8      | Got a dazzling lajatang
  9108 | D:8      | Lost mutation: Your mind is acute. (Int +2) [potion of mutation]
  9108 | D:8      | Lost mutation: You are frail. (-10% HP) [potion of mutation]
  9108 | D:8      | Gained mutation: Your natural rate of healing is unusually fast. [potion of mutation]
  9108 | D:8      | Gained mutation: You are somewhat resistant to further mutation. [potion of mutation]
  9109 | D:8      | Lost mutation: You are somewhat resistant to further mutation. [potion of mutation]
  9109 | D:8      | Gained mutation: You have a pair of small antennae on your head. [potion of mutation]
  9109 | D:8      | Gained mutation: You have supernaturally acute eyesight. (SInv) [potion of mutation]
  9109 | D:8      | Gained mutation: You are resistant to hostile enchantments. (MR+) [potion of mutation]
  9281 | D:8      | HP: 2/69 [Menkaure/nerve-wracking pain (8)]
  9288 | D:8      | Killed Menkaure
  9495 | D:8      | Corrupted D:8
  9495 | D:8      | Noticed a thrashing horror
  9495 | D:8      | Noticed a starcursed mass
  9495 | D:8      | Noticed a large abomination
  9495 | D:8      | Noticed a worldbinder
  9495 | D:8      | Noticed an orange demon
  9495 | D:8      | Noticed a starcursed mass
  9495 | D:8      | Noticed a thrashing horror
  9495 | D:8      | Noticed a rust devil
  9495 | D:8      | Noticed a tentacled starspawn
  9495 | D:8      | Noticed a smoke demon
  9495 | D:8      | Noticed a starcursed mass
  9495 | D:8      | Noticed a soul eater
  9495 | D:8      | Noticed a smoke demon
  9495 | D:8      | Noticed a large abomination
  9495 | D:8      | Noticed a sun demon
  9495 | D:8      | Noticed a tentacled starspawn
  9495 | D:8      | Noticed a smoke demon
  9496 | D:8      | Noticed a wind drake
  9496 | D:8      | a yak changed into a wind drake
  9497 | D:8      | Noticed a starcursed mass
  9498 | D:8      | Noticed a great orb of eyes
  9521 | D:7      | Killed Duvessa
  9521 | D:7      | Reached XP level 10. HP: 68/76 MP: 10/15
  9531 | D:7      | Killed Dowan
  9884 | D:7      | Learned a level 1 spell: Summon Small Mammal
  9886 | D:7      | Learned a level 1 spell: Apportation
  9888 | D:7      | Learned a level 1 spell: Confusing Touch
 10485 | D:8      | Reached skill level 8 in Polearms
 10535 | D:8      | Gained mutation: You have an increased reservoir of magic. (+10% MP) [mutagenic meat]
 10716 | D:8      | Noticed a green ugly thing
 10734 | D:8      | Killed a green ugly thing
 10734 | D:8      | Reached skill level 5 in Slings
 10734 | D:8      | Reached skill level 1 in Stealth
 10779 | D:8      | Gained mutation: Your spells are a little harder to cast, but a little more powerful. [mutagenic meat]
 10781 | D:8      | Gained mutation: Your body sometimes deteriorates upon taking damage. [mutagenic meat]
 11628 | D:8      | You fall through a shaft for 3 floors!
 11688 | D:10     | Entered Level 10 of the Dungeon
 11725 | D:10     | Found Zogugh's Food Boutique.
 11836 | D:9      | Noticed Darkyelf's ghost (journeyman FoAK)
 12081 | D:9      | Mangled by a wight

Skill      XL: |  1  2  3  4  5  6  7  8  9 10 |
---------------+-------------------------------+-----
Polearms       | 2 3 5 6 7 8 |  8.6
Dodging        | 1 2 3 |  3.5
Throwing       | 1 |  1.7
Armour         | 2 3 4 5 6 |  6.3
Slings         | 2 3 4 5 |  5.2
Fighting       | 4 5 6 |  6.6
Shields        | 1 2 3 |  3.0
Invocations    | 3 6 7 |  7.2
Evocations     | 1 |  1.6
Stealth        | 1 |  1.1
Spellcasting   | |  0.3
Summonings     | |  0.2

Action                   |  1- 3 |  4- 6 |  7- 9 | 10-12 || total
-------------------------+-------+-------+-------+-------++-------
Melee: Spear             |   125 |   169 |   527 |   270 ||  1091
 Fire: Hunting sling     |       |    64 |    77 |    22 ||   163
Throw: Stone             |    61 |    33 |     1 |       ||    95
 Cast: Summon Small Mamm |       |       |       |     3 ||     3
Invok: Depart the Abyss  |     1 |       |       |       ||     1
       Bend Space        |       |     4 |    29 |    10 ||    43
       Banish            |       |       |     6 |       ||     6
       Corrupt           |       |       |     1 |       ||     1
 Abil: Evoke Berserk Rag |       |       |       |     1 ||     1
Evoke: Wand              |       |       |    15 |     1 ||    16
  Use: Scroll            |     7 |    11 |     5 |     4 ||    27
       Potion            |       |     8 |    10 |     1 ||    19
  Eat: Chunk             |     3 |     4 |    10 |     8 ||    25
       Meat ration       |       |     1 |       |       ||     1
       Fruit             |       |     1 |     5 |       ||     6
       Royal jelly       |       |       |     1 |       ||     1
       Bread ration      |       |       |       |     2 ||     2
Armor: Leather armour    |     5 |       |       |       ||     5
       Ring mail         |    44 |     7 |       |   117 ||   168
       Chain mail        |       |    94 |   245 |     2 ||   341
Dodge: Dodged            |    69 |    64 |   127 |   143 ||   403
Block: Buckler           |       |    15 |    55 |    50 ||   120
